 Dungeon Crawl Stone Soup version 0.16.1-18-g436b03c (webtiles) character file.

120891 drasked the Severer (level 16, -3/106 HPs)
             Began as a Gargoyle Berserker on Apr 28, 2015.
             Was a High Priest of Trog.
             Slain by an eldritch tentacle (26 damage)
             ... called by a Zot trap
             ... on level 4 of the Snake Pit.
             The game lasted 00:32:57 (29877 turns).

drasked the Severer (Gargoyle Berserker)           Turns: 29877, Time: 00:32:58

Health: -3/106     AC: 49    Str: 27    XL:     16   Next: 83%
Magic:  0/16       EV:  8    Int:  9    God:    Trog [*****.]
Gold:   0          SH:  0    Dex:  9    Spells: 0 memorised, 15 levels left

rFire  . . .     SeeInvis .     n - +3 battleaxe of Cowardice {drain, rC+}
rCold  + . .     Clarity  .     x - +1 plate armour
rNeg   + . .     SustAb   .     (no shield)
rPois  ∞         Gourm    .     h - +2 helmet
rElec  +         Spirit   +     o - +2 cloak
rCorr  .         Warding  .     p - +2 pair of gloves
rMut   .         Stasis   .     B - +2 pair of boots {run}
MR     +....                    F - amulet of guardian spirit
Stlth  ..........               H - +3 ring of protection
                                i - +3 ring of protection

@: exhausted, about to teleport, flying, slowed, very slow, somewhat resistant
to hostile enchantments, extremely unstealthy
A: able to fly continuously, big wings, negative energy resistance 1,
electricity resistance, unbreathing, petrification resistance, rot immunity, AC
+11
a: Stop Flying, Burn Spellbooks, Berserk, Trog's Hand, Brothers in Arms,
Renounce Religion


You were on level 4 of the Snake Pit.
You worshipped Trog.
Trog was extremely pleased with you.
You were hungry.

You visited 4 branches of the dungeon, and saw 30 of its levels.


Innate Abilities, Weirdness & Mutations

You are resistant to torment.
You are immune to poison.
You can fly continuously.
Your stone body is very resilient (AC +11).
Your wings are large and strong.
You resist negative energy.
You are resistant to electric shocks.
You can survive without breathing.
You are immune to petrification.
You are immune to rotting.


   Skills:
 - Level 14.2 Fighting
 - Level 20.0 Axes
 + Level 14.2 Armour
 - Level 1.5 Dodging


You had 15 spell levels left.
You didn't know any spells.

Inventory:

Hand weapons
 n - the +3 battleaxe of Cowardice (weapon) {drain, rC+}
   (Trog gifted it to you on level 8 of the Lair of Beasts)

   A truly terrible weapon, it drains the life of those it strikes.
   It protects you from cold.
 u - a +4 battleaxe of chopping
Missiles
 E - 2 javelins (quivered)
Armour
 d - a fire dragon hide
 h - a +2 helmet (worn)
 o - a +2 cloak (worn)
 p - a +2 pair of gloves (worn)
 x - a +1 plate armour (worn)
 B - a +2 pair of boots of running (worn)
Jewellery
 f - an uncursed ring of fire
 i - a +3 ring of protection (left hand)
 r - an uncursed amulet of resist mutation
 F - an amulet of guardian spirit (around neck)
 H - a +3 ring of protection (right hand)
Scrolls
 a - 3 scrolls of recharging
 b - 15 scrolls of identify
 t - 12 scrolls of remove curse
 y - 2 scrolls of enchant weapon
Potions
 c - 3 potions of resistance
 j - 4 potions of haste
 k - a potion of cure mutation
 l - 6 potions of might
 q - 2 potions of cancellation
 v - 4 potions of heal wounds
 A - 15 potions of curing
 C - 3 potions of restore abilities
Comestibles
 e - 8 meat rations
 s - 16 royal jellies
 w - 13 bread rations
 G - a beef jerky

Dungeon Overview and Level Annotations

Branches:
Dungeon (15/15)            Temple (0/1) D:7            Lair (8/8) D:9
  Swamp (0/5) Lair:4        Snake (4/5) Lair:6        Slime (0/6) Lair:7
    Orc (3/4) D:9          Vaults (0/5) D:14         Depths (0/5) D:15
    Elf: Orc:3-4

Altars:
Cheibriados
Fedhas
Gozag
Kikubaaqudgha
Okawaru
Xom
Yredelemnul
Zin
The Shining One

Shops:
D:8 !   Orc:3 }   Snake:1 [   Snake:2 [

Annotations:
Snake:4 Nikola


Message History

29874 ||| (to cure confusion)
The eldritch tentacle slaps you but does no damage.
The eldritch tentacle claws you but does no damage.
The eldritch tentacle slaps you but does no damage.
The eldritch tentacle barely misses you.
29875 ||| READING scroll of teleportation.
As you read the scroll of teleportation, it crumbles to dust.
You feel strangely unstable.
The eldritch tentacle slaps you but does no damage.
The eldritch tentacle claws you but does no damage.
29876 ||| DRINKING 5 potions of heal wounds.
You feel much better.
The eldritch tentacle slaps you but does no damage.
The eldritch tentacle barely misses you.
The eldritch tentacle slaps you! Space warps horribly around you!
The eldritch tentacle claws you but does no damage.
You hit the eldritch tentacle but do no damage.
The eldritch tentacle is moderately damaged.
The eldritch tentacle slaps you!
You are engulfed in flames!!
You die...

#.........
#..........
#...........
#...........
#...........
#...))....#
#.)))...#
##..^...##
##..@...##
#..w..### #
#.......###
##.
##...##...##
##..
########..###
##(..
###..####....
###..#.....
##.......
###.....


You could see an eldritch tentacle.

Vanquished Creatures
  Louise (D:15)
  A vault guard (D:14)
  Josephine (D:13)
  Fannar (D:11)
  4 hydras
  5 naga warriors
  5 anacondas
  6 centaur warriors
  Erica (D:13)
  An ogre mage (D:15)
  7 death yaks (Lair:6)
  Urug (D:11)
  13 naga sharpshooters
  8 skeletal warriors
  An unseen horror (D:9)
  5 shock serpents
  A deep troll (D:15)
  2 mana vipers
  8 hill giants
  An orc knight (D:11)
  2 wolf spider zombies (D:15)
  4 ugly things (D:15)
  4 griffons
  3 manticores
  2 guardian serpents (Snake:3)
  4 salamanders
  13 slime creatures
  6 cyclopes
  Maurice (D:11)
  7 centaur zombies
  Joseph (D:11)
  18 elephants
  11 black mambas
  7 naga magi
  3 gargoyles
  Psyche (D:11)
  2 fire drakes
  A redback zombie (D:15)
  6 komodo dragons
  24 spiny frogs
  3 two-headed ogres
  A queen bee (Lair:3)
  A kobold demonologist (D:14)
  10 yaktaurs (D:15)
  2 trolls (D:13)
  4 giant leeches (Lair:8)
  Grinder (D:6)
  A polar bear (Lair:6)
  3 basilisks
  25 blink frogs
  A trapdoor spider (D:15)
  A deep elf mage (D:15)
  A centaur simulacrum (D:15)
  40 yaks
  5 wraiths
  Eustachio (D:9)
  2 wyverns (D:15)
  4 hippogriffs
  Grum (D:9)
  18 vampire mosquitoes
  4 hungry ghosts
  14 wolves
  24 nagas
  Edmund (D:7)
  3 mottled dragons
  14 wargs (D:11)
  18 orc warriors
  A soldier ant (D:11)
  9 ice beasts
  4 phantoms
  A swamp drake (shapeshifter) (D:15)
  7 porcupines
  19 water moccasins
  An eye of draining (D:12)
  2 boggarts (D:15)
  15 centaurs
  4 black bears
  3 boring beetles
  2 sky beasts
  3 wasps
  10 ogres
  A big kobold (D:10)
  A brain worm (D:11)
  13 crocodiles
  Blork the orc (D:7)
  41 giant frogs
  5 scorpions
  2 wyvern zombies
  35 killer bees
  6 crimson imps
  A quasit (D:12)
  5 electric eels
  2 giant frog zombies
  12 orc priests
  A wandering mushroom (D:9)
  5 centaur skeletons
  Crazy Yiuf (D:6)
  14 hounds
  4 jellies
  16 orc wizards
  4 giant frog skeletons
  4 hell rats (Lair:3)
  An iron imp (D:10)
  9 iguanas
  11 worker ants
  A killer bee zombie (D:11)
  6 sheep
  2 mummies
  2 hound skeletons
  A hound zombie (D:11)
  4 gnolls
  32 adders
  14 white imps
  27 river rats (Lair:3)
  5 shadow imps
  2 giant mites
  3 worms
  3 adder skeletons
  6 giant geckos
  98 orcs
  4 ball pythons
  A bat zombie (D:7)
  11 giant cockroaches
  15 goblins
  14 hobgoblins
  12 jackals
  7 quokkas
  16 bats
  4 giant newts
  A goblin skeleton (D:8)
  2 goblin zombies
  4 hobgoblin zombies
  A jackal skeleton (D:6)
  17 kobolds
  A kobold skeleton (D:8)
  2 kobold zombies
  An orc skeleton (D:8)
  An orc zombie (D:8)
  24 rats
  21 fungi
  11 plants
1048 creatures vanquished.

Vanquished Creatures (collateral kills)
  Roxanne (D:14)
  4 hydras
  2 death yaks (Lair:6)
  A skeletal warrior (D:15)
  An obsidian statue (D:10)
  An orange crystal statue (D:10)
  Sonja (D:15)
  A blink frog (Lair:8)
  2 boggarts (D:15)
  A crocodile (Lair:8)
  A quasit (D:10)
  A butterfly (Lair:3)
17 creatures vanquished.

Vanquished Creatures (others)
  A mana viper (Snake:4)
  2 two-headed ogres
  An ogre (D:15)
  A centaur (D:15)
  7 fungi
  2 plants (Lair:8)
14 creatures vanquished.

Grand Total: 1079 creatures vanquished

Notes
Turn   | Place    | Note
--------------------------------------------------------------
     0 | D:1      | drasked, the Gargoyle Berserker, began the quest for the Orb.
     0 | D:1      | Reached XP level 1. HP: 14/14 MP: 1/1
     0 | D:1      | 0 ||| counter = 18
    11 | D:1      | Noticed a crocodile
    11 | D:1      | Noticed a worker ant
    11 | D:1      | Noticed a salamander
    63 | D:1      | Reached skill level 3 in Axes
    63 | D:1      | Reached XP level 2. HP: 19/19 MP: 2/2
   209 | D:1      | Acquired Trog's second power
   459 | D:1      | Reached XP level 3. HP: 23/23 MP: 3/3
   728 | D:1      | 728 ||| UPGRADING to ring mail.
   738 | D:1      | 738 ||| DROPPING +0 animal skin.
   739 | D:1      | 739 ||| UPGRADING to cloak.
   744 | D:1      | 744 ||| READING scroll labeled BIODUJOD GHUT.
   745 | D:1      | 745 ||| READING 2 scrolls labeled CEIS IMEOCH.
   748 | D:1      | 748 ||| READING scroll labeled BOUMU MAGUEP.
   749 | D:1      | 749 ||| READING scroll labeled UNIPYKHOUMU.
   750 | D:1      | 750 ||| READING scroll labeled YRIRECLAPH.
   751 | D:1      | 751 ||| READING scroll labeled UHAFIS ILEG.
   784 | D:2      | Reached skill level 4 in Axes
  1029 | D:2      | 1029 ||| INVOKING Berserk.
  1030 | D:2      | Reached XP level 4. HP: 28/28 MP: 4/4
  1068 | D:2      | 1068 ||| EATING beef jerky.
  1631 | D:2      | 1631 ||| UPGRADING to scale mail.
  1641 | D:2      | 1641 ||| DROPPING +0 ring mail.
  1642 | D:2      | 1642 ||| UPGRADING to pair of glowing gloves.
  1647 | D:2      | 1647 ||| READING 2 scrolls labeled LIUPLUOSYPH.
  1648 | D:2      | 1648 ||| READING scroll labeled JEICREATHI.
  1929 | D:3      | Noticed an ogre
  1935 | D:3      | 1935 ||| INVOKING Berserk.
  1937 | D:3      | Killed an ogre
  1937 | D:3      | Reached skill level 5 in Axes
  1937 | D:3      | Reached XP level 5. HP: 32/32 MP: 5/5
  1942 | D:3      | 1942 ||| EATING 3 bread rations.
  1977 | D:3      | Acquired Trog's third power
  2368 | D:3      | 2368 ||| UPGRADING to shiny helmet.
  2373 | D:3      | 2373 ||| UPGRADING to large jade amulet.
  2374 | D:3      | 2374 ||| READING scroll labeled MYMNIT LYSI.
  2375 | D:3      | 2375 ||| DRINKING 2 bubbling clear potions.
  2376 | D:3      | 2376 ||| READING 2 scrolls of identify.
  2376 | D:3      | 2376 ||| IDENTIFYING lumpy emerald potion
  2411 | D:4      | 2411 ||| STAIRDANCE
  2413 | D:3      | Reached XP level 6. HP: 37/37 MP: 6/6
  2419 | D:4      | 2419 ||| STAIRDANCE
  2428 | D:3      | Reached skill level 6 in Axes
  2434 | D:4      | 2434 ||| STAIRDANCE
  2488 | D:4      | Noticed an ogre
  2490 | D:4      | 2490 ||| INVOKING Berserk.
  2494 | D:4      | Killed an ogre
  2722 | D:4      | Noticed an ogre
  2723 | D:4      | 2723 ||| INVOKING Berserk.
  2726 | D:4      | Killed an ogre
  2726 | D:4      | Reached skill level 7 in Axes
  2726 | D:4      | Reached XP level 7. HP: 41/41 MP: 7/7
  2942 | D:4      | 2942 ||| UPGRADING to war axe.
  2943 | D:4      | 2943 ||| DROPPING +1 hand axe.
  2947 | D:4      | Noticed a phantom
  3026 | D:4      | Killed a phantom
  3086 | D:4      | 3086 ||| INVOKING Berserk.
  3138 | D:4      | 3138 ||| EATING slice of pizza.
  3678 | D:4      | 3678 ||| READING 3 scrolls of remove curse.
  3837 | D:4      | 3837 ||| UPGRADING to chain mail.
  3847 | D:4      | 3847 ||| DROPPING +0 scale mail.
  3848 | D:4      | 3848 ||| UPGRADING to knobbly iron ring.
  3849 | D:4      | 3849 ||| REMOVING ring of flight.
  3850 | D:4      | 3850 ||| DROPPING ring of flight.
  3851 | D:4      | 3851 ||| UPGRADING to notched agate ring.
  3852 | D:4      | 3852 ||| REMOVING ring of invisibility.
  3853 | D:4      | 3853 ||| DROPPING ring of invisibility.
  3854 | D:4      | 3854 ||| UPGRADING to sapphire ring.
  3855 | D:4      | 3855 ||| READING scroll labeled IGAUNUNNAAF.
  3856 | D:4      | 3856 ||| READING 3 scrolls of identify.
  3856 | D:4      | 3856 ||| IDENTIFYING ruby potion
  3857 | D:4      | 3857 ||| READING 2 scrolls of identify.
  3857 | D:4      | 3857 ||| IDENTIFYING fuming black potion
  3910 | D:5      | Entered Level 5 of the Dungeon
  4071 | D:5      | 4071 ||| INVOKING Berserk.
  4172 | D:5      | 4172 ||| EATING beef jerky.
  4562 | D:5      | Reached skill level 8 in Axes
  4661 | D:5      | 4661 ||| INVOKING Berserk.
  4664 | D:5      | Reached XP level 8. HP: 48/48 MP: 8/8
  4698 | D:5      | 4698 ||| EATING beef jerky.
  5089 | D:5      | 5089 ||| UPGRADING to plate armour.
  5099 | D:5      | 5099 ||| DROPPING +0 chain mail.
  5100 | D:5      | 5100 ||| DRINKING 4 viscous black potions.
  5101 | D:5      | 5101 ||| DRINKING 3 emerald potions.
  5102 | D:5      | 5102 ||| READING 3 scrolls of identify.
  5102 | D:5      | 5102 ||| IDENTIFYING blue potion
  5103 | D:5      | 5103 ||| READING 2 scrolls of identify.
  5103 | D:5      | 5103 ||| IDENTIFYING bubbling emerald potion
  5218 | D:6      | Reached skill level 3 in Armour
  5231 | D:6      | Noticed Grinder
  5232 | D:6      | 5232 ||| INVOKING Trog's Hand.
  5252 | D:6      | Killed Grinder
  5252 | D:6      | Reached skill level 9 in Axes
  5291 | D:6      | 5291 ||| INVOKING Berserk.
  5465 | D:6      | Found a blossoming altar of Fedhas.
  5481 | D:6      | Noticed Crazy Yiuf
  5484 | D:6      | 5484 ||| INVOKING Berserk.
  5485 | D:6      | Killed Crazy Yiuf
  5499 | D:6      | 5499 ||| READING 5 scrolls of teleportation.
  5531 | D:6      | 5531 ||| EATING beef jerky.
  5572 | D:6      | 5572 ||| INVOKING Berserk.
  5581 | D:6      | Reached skill level 10 in Axes
  5581 | D:6      | Reached XP level 9. HP: 54/54 MP: 9/9
  5638 | D:6      | 5638 ||| EATING 3 meat rations.
  5651 | D:6      | 5651 ||| INVOKING Berserk.
  5739 | D:6      | 5739 ||| INVOKING Berserk.
  5889 | D:6      | 5889 ||| READING scroll of enchant armour.
  5889 | D:6      | 5889 ||| ENCHANTING +1 helmet.
  6228 | D:6      | 6228 ||| INVOKING Berserk.
  6249 | D:6      | 6249 ||| EATING 2 meat rations.
  6415 | D:6      | 6415 ||| READING 2 scrolls labeled THUEDD YTATEOK.
  6416 | D:6      | 6416 ||| READING scroll labeled PUCHIWNIDEU.
  6417 | D:6      | 6417 ||| READING 4 scrolls of identify.
  6417 | D:6      | 6417 ||| IDENTIFYING grey potion
  6418 | D:6      | 6418 ||| READING 3 scrolls of identify.
  6418 | D:6      | 6418 ||| IDENTIFYING bubbling green potion
  6440 | D:7      | 6440 ||| STAIRDANCE
  6445 | D:7      | 6445 ||| STAIRDANCE
  6560 | D:7      | Received a gift from Trog
  6565 | D:7      | 6565 ||| UPGRADING to glowing executioner's axe {god gift}.
  6566 | D:7      | 6566 ||| DROPPING +0 war axe.
  6586 | D:7      | 6586 ||| INVOKING Berserk.
  6587 | D:7      | Reached skill level 11 in Axes
  6589 | D:7      | Found a flagged portal.
  6748 | D:7      | 6748 ||| READING scroll of enchant armour.
  6748 | D:7      | 6748 ||| ENCHANTING +0 cloak.
  6793 | D:7      | Noticed Blork the orc
  6797 | D:7      | Killed Blork the orc
  6806 | D:7      | 6806 ||| READING scroll of enchant armour.
  6806 | D:7      | 6806 ||| ENCHANTING +1 cloak.
  6854 | D:7      | Found a staircase to the Ecumenical Temple.
  6944 | D:7      | Noticed Edmund
  6955 | D:7      | Killed Edmund
  7478 | D:8      | Reached skill level 6 in Fighting
  7478 | D:8      | Reached XP level 10. HP: 60/60 MP: 3/10
  7646 | D:8      | Reached skill level 12 in Axes
  7765 | D:8      | 7765 ||| READING scroll of enchant weapon.
  7765 | D:8      | 7765 ||| ENCHANTING +3 antimagic executioner's axe.
  7848 | D:8      | Found a glowing golden altar of the Shining One.
  7977 | D:8      | 7977 ||| INVOKING Berserk.
  7985 | D:8      | Found Mnua's Distillery.
  8131 | D:8      | Found a glowing silver altar of Zin.
  8283 | D:9      | Found a snail-covered altar of Cheibriados.
  8285 | D:9      | Found an ancient bone altar of Kikubaaqudgha.
  8289 | D:9      | Found a staircase to the Orcish Mines.
  8296 | D:9      | Noticed Eustachio
  8308 | D:9      | Killed Eustachio
  8355 | D:9      | Found a shimmering altar of Xom.
  8358 | D:9      | Found a basalt altar of Yredelemnul.
  8391 | D:9      | Found an iron altar of Okawaru.
  8416 | D:9      | Noticed a skeletal warrior
  8420 | D:9      | 8420 ||| INVOKING Berserk.
  8428 | D:9      | Killed a skeletal warrior
  8438 | D:9      | Noticed a skeletal warrior
  8441 | D:9      | 8441 ||| READING 5 scrolls of teleportation.
  8511 | D:9      | 8511 ||| INVOKING Berserk.
  8516 | D:9      | Killed a skeletal warrior
  8516 | D:9      | Reached skill level 13 in Axes
  8543 | D:9      | 8543 ||| EATING 3 meat rations.
  8550 | D:9      | Noticed a skeletal warrior
  8555 | D:9      | 8555 ||| INVOKING Berserk.
  8559 | D:9      | Killed a skeletal warrior
  8608 | D:9      | Noticed a skeletal warrior
  8611 | D:9      | 8611 ||| INVOKING Berserk.
  8614 | D:9      | Killed a skeletal warrior
  8614 | D:9      | Reached XP level 11. HP: 66/66 MP: 3/11
  8677 | D:9      | Received a gift from Trog
  8682 | D:9      | 8682 ||| UPGRADING to glowing battleaxe {god gift}.
  8683 | D:9      | 8683 ||| DROPPING +4 antimagic executioner's axe.
  8798 | D:9      | Noticed an eight-headed hydra
  8799 | D:9      | 8799 ||| INVOKING Brothers in Arms.
  8800 | D:9      | Found a staircase to the Lair.
  8802 | D:9      | 8802 ||| INVOKING Berserk.
  8802 | D:9      | Killed an eight-headed hydra
  9029 | D:9      | 9029 ||| INVOKING Berserk.
  9076 | D:9      | 9076 ||| EATING 3 meat rations.
  9249 | D:9      | Noticed Grum
  9254 | D:9      | Reached skill level 14 in Axes
  9265 | D:9      | 9265 ||| INVOKING Berserk.
  9269 | D:9      | Killed Grum
  9343 | D:9      | Killed an unseen horror
  9444 | D:9      | 9444 ||| READING scroll labeled MUILAZ LUUPH.
  9492 | D:9      | 9492 ||| INVOKING Berserk.
  9558 | Lair:1   | Entered Level 1 of the Lair of Beasts
  9559 | Lair:1   | 9559 ||| Entered L.
  9559 | Lair:1   | 9559 ||| STAIRDANCE
  9680 | Lair:1   | 9680 ||| STAIRDANCE
  9924 | Lair:1   | 9924 ||| INVOKING Burn Spellbooks.
  9938 | Lair:1   | 9938 ||| INVOKING Berserk.
  9992 | Lair:1   | 9992 ||| EATING 11 fruits.
 10021 | Lair:1   | 10021 ||| INVOKING Berserk.
 10026 | Lair:1   | Reached skill level 15 in Axes
 10032 | Lair:1   | 10032 ||| EATING 10 fruits.
 10075 | Lair:1   | 10075 ||| EATING 9 fruits.
 10161 | Lair:1   | 10161 ||| INVOKING Berserk.
 10169 | Lair:1   | 10169 ||| EATING 8 fruits.
 10398 | Lair:1   | 10398 ||| INVOKING Berserk.
 10400 | Lair:1   | Received a gift from Trog
 10420 | Lair:1   | 10420 ||| EATING 7 fruits.
 10492 | Lair:1   | 10492 ||| READING scroll labeled TRULAK HOIHUI.
 10506 | Lair:2   | 10506 ||| STAIRDANCE
 10512 | Lair:2   | 10512 ||| STAIRDANCE
 10515 | Lair:1   | Reached XP level 12. HP: 52/73 MP: 12/12
 10590 | Lair:2   | 10590 ||| STAIRDANCE
 10651 | Lair:2   | 10651 ||| INVOKING Burn Spellbooks.
 11427 | Lair:2   | 11427 ||| UPGRADING to shiny helmet.
 11437 | Lair:2   | 11437 ||| UPGRADING to +2 helmet.
 11447 | Lair:2   | 11447 ||| DROPPING +1 helmet.
 11448 | Lair:2   | 11448 ||| UPGRADING to pearl ring.
 11449 | Lair:2   | 11449 ||| REMOVING ring of fire.
 11450 | Lair:2   | 11450 ||| DRINKING 2 purple potions.
 11451 | Lair:2   | 11451 ||| READING 8 scrolls of identify.
 11451 | Lair:2   | 11451 ||| IDENTIFYING fizzy cyan potion
 11452 | Lair:2   | 11452 ||| READING 7 scrolls of identify.
 11452 | Lair:2   | 11452 ||| IDENTIFYING golden potion
 11483 | Lair:3   | 11483 ||| STAIRDANCE
 11488 | Lair:2   | Reached skill level 16 in Axes
 12014 | Lair:3   | Received a gift from Trog
 12049 | Lair:3   | 12049 ||| UPGRADING to runed executioner's axe {god gift}.
 12050 | Lair:3   | 12050 ||| UPGRADING to +2 battleaxe of freezing.
 12051 | Lair:3   | 12051 ||| DROPPING +1 executioner's axe of freezing.
 12074 | Lair:3   | 12074 ||| INVOKING Berserk.
 12128 | Lair:3   | 12128 ||| EATING 6 fruits.
 12450 | Lair:3   | Noticed a five-headed hydra
 12450 | Lair:3   | 12450 ||| INVOKING Brothers in Arms.
 12452 | Lair:3   | 12452 ||| INVOKING Berserk.
 12456 | Lair:3   | Killed a nine-headed hydra
 12530 | Lair:3   | 12530 ||| UPGRADING to blackened granite ring.
 12531 | Lair:3   | 12531 ||| READING 7 scrolls of identify.
 12531 | Lair:3   | 12531 ||| IDENTIFYING silvery potion
 12908 | Lair:4   | Found a staircase to the Swamp.
 13260 | Lair:4   | 13260 ||| INVOKING Berserk.
 13282 | Lair:4   | 13282 ||| EATING 6 fruits.
 13323 | Lair:4   | 13323 ||| INVOKING Berserk.
 13337 | Lair:4   | 13337 ||| READING 5 scrolls of teleportation.
 13340 | Lair:4   | 13340 ||| EATING 5 fruits.
 13437 | Lair:4   | 13437 ||| INVOKING Berserk.
 13510 | Lair:4   | 13510 ||| READING scroll labeled QOC TWINIO.
 13605 | Lair:5   | Reached skill level 17 in Axes
 13605 | Lair:5   | Reached XP level 13. HP: 77/79 MP: 13/13
 13779 | Lair:5   | Received a gift from Trog
 14100 | Lair:5   | 14100 ||| INVOKING Brothers in Arms.
 14102 | Lair:5   | 14102 ||| INVOKING Berserk.
 14112 | Lair:5   | 14112 ||| EATING 4 fruits.
 14155 | Lair:5   | 14155 ||| EATING 3 fruits.
 14222 | Lair:5   | 14222 ||| DRINKING 2 yellow potions.
 14255 | Lair:5   | 14255 ||| EATING 2 fruits.
 14277 | Lair:6   | 14277 ||| STAIRDANCE
 14319 | Lair:6   | Reached skill level 6 in Armour
 14320 | Lair:6   | Found a staircase to the Snake Pit.
 14364 | Lair:6   | 14364 ||| INVOKING Brothers in Arms.
 14367 | Lair:6   | 14367 ||| INVOKING Berserk.
 14373 | Lair:6   | Reached skill level 9 in Fighting
 14747 | Lair:6   | 14747 ||| INVOKING Brothers in Arms.
 14748 | Lair:6   | 14748 ||| INVOKING Berserk.
 15226 | Lair:6   | 15226 ||| UPGRADING to ring of protection.
 15228 | Lair:6   | 15228 ||| UPGRADING to +3 ring of protection.
 15230 | Lair:6   | 15230 ||| UPGRADING to +2 ring of protection.
 15232 | Lair:6   | 15232 ||| DROPPING +1 ring of slaying {mikee}.
 15233 | Lair:6   | 15233 ||| READING scroll labeled YSERGHU SHAEGEAH.
 15249 | Lair:7   | 15249 ||| STAIRDANCE
 15255 | Lair:7   | 15255 ||| STAIRDANCE
 15257 | Lair:6   | 15257 ||| INVOKING Brothers in Arms.
 15260 | Lair:6   | Reached skill level 18 in Axes
 15330 | Lair:6   | 15330 ||| EATING 2 fruits.
 15333 | Lair:7   | 15333 ||| STAIRDANCE
 15335 | Lair:6   | 15335 ||| INVOKING Brothers in Arms.
 15336 | Lair:6   | 15336 ||| INVOKING Berserk.
 15348 | Lair:6   | 15348 ||| EATING fruit.
 15630 | Lair:7   | Found a staircase to the Slime Pits.
 15896 | Lair:7   | 15896 ||| INVOKING Brothers in Arms.
 15898 | Lair:7   | 15898 ||| INVOKING Berserk.
 15936 | Lair:7   | Received a gift from Trog
 16090 | Lair:7   | Gained mutation: Your wings are large and strong. [gargoyle growth]
 16090 | Lair:7   | Reached XP level 14. HP: 74/86 MP: 14/14
 16103 | Lair:7   | 16103 ||| INVOKING Fly.
 16103 | Lair:7   | 16103 ||| FLYING.
 16601 | Lair:7   | 16601 ||| READING scroll labeled BRYUJO MYA.
 16602 | Lair:7   | 16602 ||| READING 8 scrolls of identify.
 16602 | Lair:7   | 16602 ||| IDENTIFYING pink potion
 16620 | Lair:8   | Entered Level 8 of the Lair of Beasts
 16624 | Lair:8   | 16624 ||| STAIRDANCE
 16636 | Lair:8   | 16636 ||| STAIRDANCE
 16636 | Lair:8   | Received a gift from Trog
 16651 | Lair:8   | Got a fine battleaxe {god gift}
 16654 | Lair:8   | 16654 ||| UPGRADING to fine battleaxe {god gift}.
 16654 | Lair:8   | Identified the +3 battleaxe of Cowardice {drain, rC+} (Trog gifted it to you on level 8 of the Lair of Beasts)
 16655 | Lair:8   | 16655 ||| DROPPING +2 battleaxe of freezing.
 16673 | Lair:8   | Reached skill level 19 in Axes
 16781 | Lair:8   | 16781 ||| INVOKING Brothers in Arms.
 16784 | Lair:8   | 16784 ||| INVOKING Berserk.
 17198 | Lair:8   | 17198 ||| INVOKING Berserk.
 17206 | Lair:8   | 17206 ||| READING 6 scrolls of teleportation.
 17208 | Lair:8   | 17208 ||| EATING beef jerky.
 17542 | Lair:8   | Received a gift from Trog
 17820 | Lair:8   | 17820 ||| INVOKING Burn Spellbooks.
 17875 | Lair:8   | 17875 ||| UPGRADING to pair of runed boots.
 17880 | Lair:8   | Identified a +2 pair of boots of running (You found it on level 8 of the Lair of Beasts)
 17880 | Lair:8   | 17880 ||| UPGRADING to runed helmet.
 17890 | Lair:8   | 17890 ||| UPGRADING to +2 helmet.
 17900 | Lair:8   | 17900 ||| DROPPING +1 helmet of intelligence.
 18244 | Orc:1    | Entered Level 1 of the Orcish Mines
 18245 | Orc:1    | 18245 ||| Entered O.
 18370 | Orc:2    | 18370 ||| STAIRDANCE
 18586 | Orc:3    | Received a gift from Trog
 18629 | Orc:3    | Found Stam's Gadget Emporium.
 18681 | D:10     | Entered Level 10 of the Dungeon
 18682 | D:10     | 18682 ||| STAIRDANCE
 18687 | D:10     | 18687 ||| STAIRDANCE
 18843 | D:10     | 18843 ||| INVOKING Burn Spellbooks.
 19217 | D:10     | 19217 ||| INVOKING Brothers in Arms.
 19220 | D:10     | 19220 ||| DRINKING 12 potions of curing.
 19220 | D:10     | 19220 ||| (to cure confusion)
 19925 | D:10     | 19925 ||| INVOKING Brothers in Arms.
 19955 | D:10     | 19955 ||| EATING 2 slices of pizza.
 20141 | D:11     | Noticed Joseph
 20153 | D:11     | Killed Joseph
 20280 | D:11     | Noticed Psyche
 20285 | D:11     | Killed Psyche
 20285 | D:11     | Reached skill level 20 in Axes
 20427 | D:11     | Received a gift from Trog
 20429 | D:11     | 20429 ||| UPGRADING to glowing executioner's axe {god gift}.
 20430 | D:11     | 20430 ||| UPGRADING to +3 battleaxe of Cowardice {drain, rC+}.
 20431 | D:11     | 20431 ||| DROPPING +3 executioner's axe of freezing.
 20583 | D:11     | Noticed Maurice
 20598 | D:11     | Killed Maurice
 20598 | D:11     | Reached XP level 15. HP: 90/92 MP: 15/15
 20689 | D:11     | 20689 ||| INVOKING Berserk.
 20944 | D:11     | 20944 ||| INVOKING Burn Spellbooks.
 21388 | D:11     | Noticed Urug
 21401 | D:11     | Killed Urug
 21401 | D:11     | Reached skill level 9 in Armour
 21525 | D:11     | Noticed Fannar
 21540 | D:11     | Killed Fannar
 21707 | D:11     | 21707 ||| UPGRADING to ring of ice.
 21709 | D:11     | 21709 ||| REMOVING ring of ice.
 21710 | D:11     | 21710 ||| UPGRADING to +3 ring of protection.
 21712 | D:11     | 21712 ||| DROPPING 2 tomahawks.
 21746 | D:12     | Found a basalt altar of Yredelemnul.
 21986 | D:12     | 21986 ||| INVOKING Berserk.
 22160 | D:12     | Found an opulent altar of Gozag.
 22456 | D:12     | Received a gift from Trog
 22458 | D:12     | 22458 ||| UPGRADING to glowing battleaxe {god gift}.
 22459 | D:12     | 22459 ||| UPGRADING to +3 battleaxe of Cowardice {drain, rC+}.
 22460 | D:12     | 22460 ||| DROPPING +1 battleaxe of holy wrath.
 22897 | D:13     | Noticed Josephine
 22901 | D:13     | 22901 ||| INVOKING Berserk.
 22904 | D:13     | Killed Josephine
 22912 | D:13     | 22912 ||| EATING slice of pizza.
 22917 | D:13     | 22917 ||| READING 6 scrolls of teleportation.
 22938 | D:13     | 22938 ||| READING 5 scrolls of teleportation.
 23189 | D:13     | 23189 ||| EATING 2 fruits.
 23659 | D:13     | Noticed Erica
 23668 | D:13     | Killed Erica
 23709 | D:13     | 23709 ||| UPGRADING to steel ring.
 23711 | D:13     | 23711 ||| READING 11 scrolls of remove curse.
 23712 | D:13     | 23712 ||| REMOVING ring of teleportation.
 23713 | D:13     | 23713 ||| DROPPING ring of teleportation.
 23714 | D:13     | 23714 ||| UPGRADING to +3 ring of protection.
 23734 | D:14     | 23734 ||| STAIRDANCE
 23752 | D:14     | Noticed Roxanne
 23753 | D:14     | 23753 ||| INVOKING Brothers in Arms.
 23764 | D:14     | 23764 ||| INVOKING Berserk.
 23764 | D:14     | Killed Roxanne
 23769 | D:14     | 23769 ||| INVOKING Burn Spellbooks.
 23845 | D:14     | 23845 ||| INVOKING Brothers in Arms.
 23848 | D:14     | 23848 ||| INVOKING Berserk.
 23959 | D:14     | 23959 ||| INVOKING Burn Spellbooks.
 23994 | D:14     | 23994 ||| INVOKING Berserk.
 24007 | D:14     | 24007 ||| EATING fruit.
 24053 | D:14     | 24053 ||| EATING 7 beef jerkies.
 24133 | D:14     | Found a shimmering altar of Xom.
 24297 | D:14     | Found a gate to the Vaults.
 24587 | D:14     | 24587 ||| UPGRADING to wooden ring.
 24589 | D:14     | 24589 ||| READING 10 scrolls of remove curse.
 24590 | D:14     | 24590 ||| REMOVING -3 ring of intelligence.
 24591 | D:14     | 24591 ||| DROPPING -3 ring of intelligence.
 24592 | D:14     | 24592 ||| UPGRADING to +3 ring of protection.
 24610 | D:15     | Entered Level 15 of the Dungeon
 24611 | D:15     | 24611 ||| STAIRDANCE
 24613 | D:14     | 24613 ||| INVOKING Brothers in Arms.
 24614 | D:14     | 24614 ||| INVOKING Berserk.
 24621 | D:14     | 24621 ||| EATING 6 beef jerkies.
 24826 | D:15     | Noticed Sonja
 24826 | D:15     | 24826 ||| INVOKING Brothers in Arms.
 24833 | D:15     | Noticed Louise
 24833 | D:15     | 24833 ||| INVOKING Trog's Hand.
 24834 | D:15     | 24834 ||| INVOKING Berserk.
 24842 | D:15     | Killed Sonja
 24846 | D:15     | Killed Louise
 24910 | D:15     | Found a labyrinth entrance.
 24946 | D:15     | 24946 ||| INVOKING Brothers in Arms.
 24951 | D:15     | 24951 ||| INVOKING Berserk.
 24992 | D:15     | 24992 ||| INVOKING Brothers in Arms.
 25037 | D:15     | 25037 ||| EATING 5 beef jerkies.
 25087 | D:15     | 25087 ||| INVOKING Brothers in Arms.
 25091 | D:15     | 25091 ||| INVOKING Berserk.
 25111 | D:15     | 25111 ||| READING 5 scrolls of teleportation.
 25113 | D:15     | Received a gift from Trog
 25113 | D:15     | Reached skill level 12 in Armour
 25159 | D:15     | 25159 ||| EATING 4 beef jerkies.
 25232 | D:15     | 25232 ||| INVOKING Berserk.
 25286 | D:15     | 25286 ||| EATING 3 beef jerkies.
 25317 | D:15     | Reached skill level 12 in Fighting
 25321 | D:15     | Found a staircase to the Depths.
 25341 | D:15     | 25341 ||| INVOKING Burn Spellbooks.
 25481 | D:15     | 25481 ||| UPGRADING to runed battleaxe {god gift}.
 25482 | D:15     | 25482 ||| UPGRADING to +3 battleaxe of Cowardice {drain, rC+}.
 25648 | D:15     | 25648 ||| EATING 2 beef jerkies.
 25806 | D:15     | Reached XP level 16. HP: 55/101 MP: 16/16
 25817 | D:15     | 25817 ||| INVOKING Trog's Hand.
 25818 | D:15     | 25818 ||| INVOKING Berserk.
 25884 | D:15     | 25884 ||| EATING beef jerky.
 25925 | D:15     | 25925 ||| INVOKING Berserk.
 25939 | D:15     | 25939 ||| READING 4 scrolls of teleportation.
 25974 | D:15     | 25974 ||| EATING 9 meat rations.
 26049 | D:15     | 26049 ||| INVOKING Berserk.
 26627 | Snake:1  | Entered Level 1 of the Snake Pit
 26628 | Snake:1  | 26628 ||| Entered P.
 26630 | Snake:1  | Found Qab Naq's Armour Shoppe.
 26644 | Snake:1  | 26644 ||| INVOKING Berserk.
 27016 | Snake:1  | 27016 ||| READING scroll of enchant armour.
 27016 | Snake:1  | 27016 ||| ENCHANTING +0 plate armour.
 27466 | Snake:1  | 27466 ||| UPGRADING to tourmaline ring.
 27468 | Snake:1  | 27468 ||| REMOVING ring of wizardry.
 27469 | Snake:1  | 27469 ||| DROPPING ring of wizardry.
 27470 | Snake:1  | 27470 ||| UPGRADING to +3 ring of protection.
 27535 | Snake:2  | Found Smunomoy's Specialty Armours.
 27537 | Snake:2  | 27537 ||| INVOKING Berserk.
 27592 | Snake:2  | 27592 ||| READING 4 scrolls of teleportation.
 27598 | Snake:2  | 27598 ||| INVOKING Berserk.
 27652 | Snake:2  | 27652 ||| EATING 3 fruits.
 27675 | Snake:2  | Received a gift from Trog
 27888 | Snake:2  | 27888 ||| INVOKING Burn Spellbooks.
 28133 | Snake:2  | 28133 ||| INVOKING Berserk.
 28143 | Snake:2  | 28143 ||| EATING 2 fruits.
 28186 | Snake:2  | 28186 ||| EATING fruit.
 28218 | Snake:2  | 28218 ||| INVOKING Berserk.
 28265 | Snake:2  | 28265 ||| EATING 8 meat rations.
 28644 | Snake:2  | 28644 ||| UPGRADING to runed jade amulet.
 28825 | Snake:3  | 28825 ||| INVOKING Berserk.
 28843 | Snake:3  | 28843 ||| READING 3 scrolls of teleportation.
 28971 | Snake:3  | 28971 ||| INVOKING Berserk.
 29244 | Snake:3  | 29244 ||| STAIRDANCE
 29333 | Snake:3  | 29333 ||| INVOKING Berserk.
 29490 | Snake:3  | 29490 ||| UPGRADING to ring of protection.
 29492 | Snake:3  | 29492 ||| DROPPING cursed ring of ice.
 29493 | Snake:3  | 29493 ||| UPGRADING to scratched tourmaline ring.
 29495 | Snake:3  | 29495 ||| UPGRADING to +3 ring of protection.
 29497 | Snake:3  | 29497 ||| UPGRADING to +3 ring of protection.
 29499 | Snake:3  | 29499 ||| DROPPING ring of positive energy.
 29500 | Snake:3  | 29500 ||| DROPPING +2 ring of protection.
 29541 | Snake:4  | 29541 ||| STAIRDANCE
 29601 | Snake:4  | Noticed Nikola
 29602 | Snake:4  | 29602 ||| INVOKING Brothers in Arms.
 29608 | Snake:4  | 29608 ||| INVOKING Berserk.
 29619 | Snake:4  | 29619 ||| READING 2 scrolls of teleportation.
 29725 | Snake:4  | Received a gift from Trog
 29853 | Snake:4  | 29853 ||| INVOKING Berserk.
 29864 | Snake:4  | Noticed an eldritch tentacle
 29870 | Snake:4  | HP: 34/159 [eldritch tentacle[a Zot trap] (6)]
 29874 | Snake:4  | 29874 ||| DRINKING 16 potions of curing.
 29874 | Snake:4  | 29874 ||| (to cure confusion)
 29875 | Snake:4  | 29875 ||| READING scroll of teleportation.
 29876 | Snake:4  | 29876 ||| DRINKING 5 potions of heal wounds.
 29877 | Snake:4  | HP: 23/106 [eldritch tentacle[a Zot trap] (10)]
 29877 | Snake:4  | Slain by an eldritch tentacle

Vault maps used:
D:1:      onia_arrival_zoo_common
D:3:      first_bread
D:4:      nicolae_ossuary_entry_giza
D:5:      corexii_checkpoint_b
D:6:      minmay_misc_feat_tower, fedhas_altar_3, uniq_grinder,
          uniq_crazy_yiuf_cottage
D:7:      minmay_temple_entry_poolview, enter_bailey_2, uniq_edmund,
          uniq_blork_the_orc
D:8:      nicolae_tso_besieged_by_evil, zin_statuary, serial_shops, shop
D:9:      overflow_temple_1_default, grunt_temple_overflow_open,
          dpeg_oklobed_lair, orc_0_dummy, kennysheep_generic_room_5, uniq_grum,
          uniq_eustachio
D:10:     minmay_separated_statues
D:11:     lemuel_castle_with_subvaults, hangedman_pestilent_swarm, uniq_urug,
          uniq_psyche, uniq_fannar, uniq_joseph, uniq_maurice
D:12:     basic_altar, grunt_gozag_breadcrumbs
D:13:     uniq_erica, uniq_josephine
D:14:     david_vaults_5, basic_altar, uniq_roxanne
D:15:     hangedman_depths_entry_civil_slaughter, lab_entry_generic,
          hangedman_decor_riveting, uniq_louise, uniq_sonja
Lair:1:   minmay_holes, lemuel_fruit_tree
Lair:2:   grunt_megastairs_2
Lair:3:   kennysheep_abandoned_house, special_room, portal_ice_cave_entry_imps,
          lemuel_fruit_fields
Lair:4:   swamp_mist_pool
Lair:6:   minmay_snake_entry_six_corridors, lemuel_old_faithful
Lair:7:   slime_dummy
Lair:8:   minmay_lair_end_frog_pond, serial_bayou_lagoon_a, serial_bayou_pond_a,
          minmay_stone_trees_medium, minmay_stone_trees_small
Snake:1:  serial_shops, shop
Snake:2:  nicolae_barding_shop
Snake:3:  nrook_guardian_serpent_double
Snake:4:  uniq_nikola, uniq_frances
Orc:1:    mines_bat_river
Orc:2:    nicolae_orc_lava_room
Orc:3:    serial_shops, shop_fountains, basic_altar, nicolae_orc_pool_cavern,
          bh_open_orc_temple

Action                   |  1- 3 |  4- 6 |  7- 9 | 10-12 | 13-15 | 16-18 || total
-------------------------+-------+-------+-------+-------+-------+-------++-------
Melee: Hand axe          |    62 |    89 |    22 |       |       |       ||   173
       War axe           |       |       |   267 |       |       |       ||   267
       Executioner's axe |       |       |    55 |   141 |       |       ||   196
       Battleaxe         |       |       |       |   446 |  1387 |   362 ||  2195
Throw: Javelin           |    49 |    81 |   145 |    17 |   240 |    23 ||   555
       Tomahawk          |       |       |    26 |   172 |    14 |       ||   212
Invok: Berserk           |     1 |     3 |    10 |    18 |    18 |    13 ||    63
       Trog's Hand       |       |       |     1 |       |     1 |     1 ||     3
       Brothers in Arms  |       |       |       |     2 |    16 |     1 ||    19
       Burn Spellbooks   |       |       |       |     2 |     6 |     1 ||     9
 Abil: Fly               |       |       |       |       |     1 |       ||     1
  Use: Scroll            |     6 |     4 |    14 |     9 |     9 |     6 ||    48
       Potion            |       |     1 |     2 |     1 |     2 |     2 ||     8
 Stab: Distracted        |       |       |       |       |     2 |       ||     2
       Fleeing           |       |       |       |       |     1 |       ||     1
  Eat: Chunk             |       |     3 |    10 |    23 |    41 |    11 ||    88
       Beef jerky        |       |     1 |     3 |       |     7 |     1 ||    12
       Bread ration      |       |     1 |       |       |       |       ||     1
       Pizza             |       |       |     1 |       |     2 |       ||     3
       Meat ration       |       |       |     2 |     2 |       |     2 ||     6
       Fruit             |       |       |       |     8 |     7 |     3 ||    18
